 Dungeon Crawl Stone Soup version 0.14-a0-2542-g51e44bb (webtiles) character file.

34593 MrRokkomies the Conjurer (level 13, -2/72 HPs)
             Began as a Vine Stalker Assassin on Feb 9, 2014.
             Was the Champion of Sif Muna.
             Killed from afar by Erica (15 damage)
             ... with an orb of energy
             ... on Level 8 of the Lair of Beasts on Feb 10, 2014.
             The game lasted 01:55:22 (19123 turns).

MrRokkomies the Conjurer (Vine Stalker Assassin)   Turns: 19123, Time: 01:55:23

HP  -2/72        AC  8     Str 15      XL: 13   Next: 73%
MP   0/30        EV 18     Int 14      God: Sif Muna [******]
Gold 702         SH 10     Dex 17      Spells:  7 memorised,  6 levels left

rFire  . . .     SeeInvis .     x - +0,+4 orc dagger (venom)
rCold  + . .     Clarity  .     R - +2 leather armour {rC+}
rNeg   . . .     Conserve .     y - +0 buckler
rPois  .         rCorr    .     f - +0 hat {MR+}
rElec  .         rRot     +     d - +0 cloak
SustAb . .       Spirit   +     h - +1 pair of elf gloves (curse)
rMut   .         Warding  .     (no boots)
Saprov . . .     Stasis   .     (no amulet)
MR     +++..                    r - ring of wizardry
                                I - ring of protection from magic

@: about to teleport, mildly poisoned, extremely resistant to hostile
enchantments, quite stealthy
A: fangs 3, regeneration 3, magic shield, antimagic bite, no device heal
a: Channel Energy, Forget Spell, Renounce Religion


You were on level 8 of the Lair of Beasts.
You worshipped Sif Muna.
Sif Muna was exalted by your worship.
You were hungry.

You visited 2 branches of the dungeon, and saw 18 of its levels.

You collected 881 gold pieces.
You spent 179 gold pieces at shops.

Inventory:

Hand weapons
 b - a +0 blowgun
 c - a +0,+2 sling
 e - a -1,+1 orcish scimitar
 t - a +1,+0 scimitar of distortion
 u - a +1,+0 demon trident of flaming
 w - a +0,+0 claymore
 x - a +0,+4 orcish dagger of venom (weapon)
Missiles
 o - 76 sling bullets
 J - 38 poisoned needles
 M - 18 sling bullets of flame
Armour
 d - a +0 cloak (worn)
 f - a +0 hat of magic resistance (worn)
 h - a cursed +1 pair of elven gloves (worn)
 y - a +0 buckler (worn)
 R - a +2 leather armour of cold resistance (worn)
Magical devices
 A - a wand of confusion (11) {unknown}
 F - a wand of hasting (4)
 K - a wand of frost (0)
 L - a wand of lightning (0)
 O - a wand of fire (0)
 W - a wand of digging (10)
Comestibles
 g - 13 bread rations
 V - a chunk of wyvern flesh
Scrolls
 l - a scroll of amnesia
 m - 3 scrolls of teleportation
 p - 5 scrolls of remove curse
 C - a scroll of enchant weapon I
 H - a scroll of blinking
 N - a scroll of silence
 P - a scroll of torment {unknown}
 Q - 3 scrolls of immolation
 U - 3 scrolls of recharging
Jewellery
 j - an uncursed ring of magical power
 r - a ring of wizardry (right hand)
 B - an uncursed ring of poison resistance {unknown}
 D - an uncursed ring of flight
 G - a +0,+5 ring of slaying {unknown}
 I - a ring of protection from magic (left hand)
Potions
 a - a potion of lignification
 i - a potion of resistance
 n - 4 potions of brilliance
 v - 5 potions of agility
 z - 2 potions of curing
 T - a potion of flight
 Z - a potion of might
Books
 E - Sif Muna's Tome of Curses
   (Sif Muna gifted it to you on level 4 of the Lair of Beasts)

   Spells                             Type                      Level
   Confusing Touch                    Hexes                        1
   Slow                               Hexes                        2
   Confuse                            Hexes                        3
   Spectral Weapon                    Hexes/Charms                 3
   *Inner Flame                       Hexes/Fire                   3
   Discord                            Hexes                        8
 S - a book of Callings

   Spells                             Type                      Level
   Summon Small Mammal                Summoning                    1
   Call Imp                           Summoning                    2
   Call Canine Familiar               Summoning                    3
   Summon Scorpions                   Summoning/Poison             4
   Summon Ice Beast                   Ice/Summoning                4
Miscellaneous
 k - a disc of storms
Rods
 s - a +0 rod of the swarm (1/11)
   (You took it off Maud on level 7 of the Lair of Beasts)


   Skills:
 * Level 9.9 Fighting
 - Level 5.1 Short Blades
 - Level 1.7 Throwing
 - Level 10.0 Dodging
 - Level 4.8 Stealth
 - Level 2.0 Shields
 - Level 8.0 Spellcasting
 - Level 11.0 Conjurations
 * Level 6.9 Hexes
 - Level 5.0 Charms


You had 6 spell levels left.
You knew the following spells:

 Your Spells              Type           Power        Failure   Level  Hunger
a - Magic Dart            Conj           ####         1%          1    None
b - Searing Ray           Conj           #####.       1%          2    None
c - Dazzling Spray        Conj/Hex       ####....     1%          3    ##.....
d - Iskenderun's Battles  Conj/Chrm      ####....     2%          4    ####...
e - Iskenderun's Mystic   Conj           #####...     1%          4    ####...
f - Fulminant Prism       Conj/Hex       ####......   4%          5    #####..
g - Inner Flame           Hex/Fire       ###.....     5%          3    ##.....


Dungeon Overview and Level Annotations

Branches:
Dungeon (10/16)            Temple (0/1) D:7             Orc (0/4) D:9
   Lair (8/8) D:9          Shoals (0/5) Lair:3       Spider (0/5) Lair:6
  Slime (0/6) Lair:8

Altars:
Cheibriados
Sif Muna
Vehumet
Zin

Shops:
D:4 [   D:7 !([

Annotations:
D:10 Medar's ghost, powerful FoAM
Lair:8 Erica


Innate Abilities, Weirdness & Mutations

You have razor-sharp teeth.
You regenerate.
When hurt, damage is shared between your health and your magic reserves.
Your bite disrupts and absorbs the magic of your enemies.
Potions and wands cannot restore your HP.


Message History

Confirm with . or Enter, or press ? or * to list all spells.
Aiming: Dazzling Spray
Press: ? - help, Shift-Dir - straight line
Aim: Disturbance (grey smoke) Really fire towards your scorpion?
The spray of energy hits your scorpion.
Your scorpion is heavily wounded.
The scorpion is dazzled.
The spray of energy hits the fungus.
The fungus is lightly damaged.
You hear a grinding noise.
You hear a zap.
The magic dart hits you!
A wolf and a spider come into view.
* * * LOW HITPOINT WARNING * * *
You feel sick.
You feel a little better.
Something bites the plant but does no damage.
The wolf closely misses you.
You hear some strange, mumbled words.
The orb of energy hits you!
You die...
P....%.......................## PP.............f..#.........## ....f..........###########..## .............P## ##...## .#...........#### #...#.# ##........#PPP#P## ##.P..## PP#.P##.s..PhPP§§## #..P.### PPPP......P.PPPay.#

##....P##
P............§fh@f#
##.....#
.....≈≈≈≈≈.PPPsP{##
#.....##
..............§§§#
#ff...#
P...≈>≈≈≈≈≈≈.....##
##.....##
P..≈≈.≈≈≈≈≈≈......#
#.#..P#.#
.P.≈≈.≈.....≈.#####
###...###
##..P.≈.......#
#f..#
,#.Pf.≈......P#
##f..#
......≈......##
#fff.##


You could see a wolf, a scorpion (blind), a friendly vampire mosquito and a
friendly worker ant.

Vanquished Creatures
  Rupert (Lair:7)
  Maud (Lair:7)
  Gastronok (Lair:1)
  5 hydras
  3 griffons
  3 elephants (Lair:6)
  4 black mambas
  9 spiny frogs
  A feature mimic (Lair:7)
  A queen ant (Lair:4)
  2 komodo dragons
  2 two-headed ogres (D:9)
  16 blink frogs
  A troll (D:10)
  2 basilisks
  A snapping turtle (Lair:3)
  A redback (Lair:6)
  2 boulder beetles
  14 yaks
  A hill giant zombie (D:4)
  3 sharks (Lair:3)
  A human (Lair:1)
  An elephant slug (Lair:4)
  A wyvern (Lair:8)
  5 hippogriffs
  A hungry ghost (D:7)
  A hill giant skeleton (D:8)
  9 wolves
  3 porcupines
  14 soldier ants (Lair:4)
  A swamp drake (Lair:1)
  4 orc warriors (D:8)
  2 ogres
  4 boring beetles
  3 giant goldfish (Lair:3)
  An ice beast (D:8)
  A phantom (D:5)
  2 big kobolds (D:9)
  2 wargs (D:9)
  7 crocodiles
  5 giant slugs
  2 centaurs
  10 water moccasins
  13 giant frogs
  5 agate snails
  A troll zombie (D:9)
  2 yak skeletons
  2 jellyfish (Lair:3)
  6 killer bees
  6 crimson imps
  An electric eel (Lair:3)
  A jelly (D:5)
  A goliath beetle (Lair:4)
  7 orc priests
  4 iguanas
  9 hounds
  4 orange rats (Lair:8)
  6 orc wizards
  A scorpion (D:9)
  A centaur skeleton (D:4)
  49 worker ants
  A killer bee zombie (D:8)
  19 sheep
  Ijyb (D:2)
  84 green rats
  16 adders
  6 giant centipedes
  6 worms
  3 orc zombies
  3 giant eyeballs
  6 giant geckos
  39 orcs
  A ball python (D:3)
  18 bats
  7 giant cockroaches
  5 goblins
  15 hobgoblins
  24 jackals
  9 quokkas
  A ball python zombie (D:6)
  6 giant newts
  A goblin skeleton (D:4)
  2 hobgoblin zombies
  20 kobolds
  21 rats
  4 fungi
591 creatures vanquished.

Vanquished Creatures (others)
  An electric eel (Lair:3)
  A spider (Lair:8)
  3 fulminant prisms
  A bush (Lair:8)
  A butterfly (Lair:8)
  7 fungi (Lair:7)
  3 plants
17 creatures vanquished.

Grand Total: 608 creatures vanquished

Notes
Turn   | Place    | Note
--------------------------------------------------------------
     0 | D:1      | MrRokkomies, the Vine Stalker Assassin, began the quest for the Orb.
     0 | D:1      | Reached XP level 1. HP: 11/11 MP: 1/1
    43 | D:1      | Found a snail-covered altar of Cheibriados.
    76 | D:1      | Reached skill level 1 in Dodging
   118 | D:1      | Reached XP level 2. HP: 1/15 MP: 3/3
   504 | D:1      | Reached XP level 3. HP: 18/18 MP: 4/4
  1014 | D:2      | Noticed Ijyb
  1024 | D:2      | Killed Ijyb
  1024 | D:2      | Reached XP level 4. HP: 14/23 MP: 3/5
  1199 | D:2      | Found a deep blue altar of Sif Muna.
  1731 | D:3      | Noticed a giant frog
  1733 | D:3      | Killed a giant frog
  1733 | D:3      | Reached skill level 1 in Shields
  1733 | D:3      | Reached XP level 5. HP: 23/26 MP: 7/7
  1956 | D:2      | Learned a level 1 spell: Magic Dart
  1959 | D:2      | Learned a level 2 spell: Searing Ray
  1959 | D:2      | Became a worshipper of Sif Muna the Loreminder
  2358 | D:4      | Reached skill level 1 in Conjurations
  2404 | D:4      | Gained mutation: You heal very quickly. [vine stalker growth]
  2404 | D:4      | Reached XP level 6. HP: 19/30 MP: 8/8
  2577 | D:4      | Found Legaeres' Antique Armour Emporium.
  2841 | D:4      | Noticed a hill giant zombie
  3178 | D:4      | Killed a hill giant zombie
  3178 | D:4      | Reached XP level 7. HP: 34/34 MP: 9/9
  3448 | D:4      | Learned a level 3 spell: Dazzling Spray
  3607 | D:5      | Entered Level 5 of the Dungeon
  4053 | D:5      | Acquired Sif Muna's first power
  4053 | D:5      | Reached skill level 5 in Conjurations
  4758 | D:6      | Gained mutation: You have razor-sharp teeth. [vine stalker growth]
  4758 | D:6      | Reached XP level 8. HP: 38/38 MP: 11/11
  4800 | D:6      | Reached skill level 5 in Short Blades
  5010 | D:6      | Found a deep blue altar of Sif Muna.
  5187 | D:6      | Reached skill level 6 in Conjurations
  5471 | D:7      | Noticed a polar bear
  5471 | D:7      | Noticed a polar bear
  5471 | D:7      | Noticed a griffon
  5471 | D:7      | Noticed a grizzly bear
  5471 | D:7      | Noticed a griffon
  5471 | D:7      | Noticed a polar bear
  5472 | D:7      | Noticed a grizzly bear
  5472 | D:7      | Noticed a polar bear
  5472 | D:7      | Noticed a polar bear
  5477 | D:7      | Noticed a polar bear
  5792 | D:7      | Found Ceugaad's Weapon Emporium.
  5796 | D:7      | Found Wiebituz's Distillery.
  5808 | D:7      | Bought a potion of paralysis for 15 gold pieces
  5808 | D:7      | Bought a potion of strong poison for 30 gold pieces
  5808 | D:7      | Bought a potion of speed for 82 gold pieces
  5872 | D:7      | Reached skill level 7 in Conjurations
  5872 | D:7      | Reached XP level 9. HP: 42/42 MP: 12/12
  5912 | D:7      | Reached skill level 5 in Dodging
  6078 | D:7      | Found Ynogakki's Antique Armour Shoppe.
  6091 | D:7      | Bought a glowing leather armour for 52 gold pieces
  6109 | D:7      | Acquired Sif Muna's second power
  6120 | D:7      | Found a staircase to the Ecumenical Temple.
  6348 | D:8      | Found a glowing silver altar of Zin.
  6837 | D:8      | Reached skill level 8 in Conjurations
  7185 | D:8      | Found a radiant altar of Vehumet.
  7762 | D:9      | Found a staircase to the Lair.
  7779 | D:9      | Paralysed by a giant eyeball for 4 turns
  7798 | Lair:1   | Entered Level 1 of the Lair of Beasts
  7809 | Lair:1   | Reached XP level 10. HP: 41/46 MP: 13/13
  8284 | Lair:1   | Noticed Gastronok
  8364 | Lair:1   | Killed Gastronok
  8364 | Lair:1   | Reached skill level 9 in Conjurations
  8718 | D:9      | Found a staircase to the Orcish Mines.
  9188 | Lair:1   | Reached skill level 10 in Dodging
  9233 | Lair:1   | Noticed a four-headed hydra
  9300 | Lair:1   | HP: 1/46 [four-headed hydra (2)]
  9457 | D:10     | Entered Level 10 of the Dungeon
  9470 | D:10     | Noticed Medar's ghost (powerful FoAM)
  9471 | D:10     | Reached skill level 1 in Spellcasting
  9471 | D:10     | Reached XP level 11. HP: 50/50 MP: 18/18
  9481 | D:9      | Learned a level 4 spell: Iskenderun's Battlesphere
  9575 | Lair:1   | Killed a four-headed hydra
  9855 | Lair:2   | Reached skill level 10 in Conjurations
 10165 | Lair:2   | Acquired Sif Muna's third power
 10427 | Lair:2   | Noticed a six-headed hydra
 10452 | Lair:2   | Learned a level 4 spell: Iskenderun's Mystic Blast
 10458 | Lair:2   | Learned a level 5 spell: Fulminant Prism
 10596 | Lair:2   | Reached skill level 5 in Spellcasting
 10694 | Lair:2   | Reached skill level 1 in Hexes
 10694 | Lair:2   | Reached skill level 1 in Charms
 10944 | Lair:2   | Killed a six-headed hydra
 11790 | Lair:3   | Noticed a seven-headed hydra
 11798 | Lair:3   | Killed a seven-headed hydra
 11846 | Lair:3   | Found a staircase to the Shoals.
 12041 | Lair:3   | Gained mutation: You regenerate. [vine stalker growth]
 12041 | Lair:3   | Reached XP level 12. HP: 31/54 MP: 14/25
 12150 | Lair:3   | Reached skill level 5 in Charms
 12265 | Lair:3   | Reached skill level 5 in Hexes
 13772 | Lair:4   | Received a gift from Sif Muna
 13773 | Lair:4   | Identified Sif Muna's Tome of Curses (Sif Muna gifted it to you on level 4 of the Lair of Beasts)
 13912 | Lair:4   | Reached skill level 11 in Conjurations
 14108 | Lair:4   | Reached skill level 5 in Fighting
 14828 | Lair:1   | Learned a level 3 spell: Inner Flame
 15342 | Lair:5   | Noticed a six-headed hydra
 15347 | Lair:5   | Killed a six-headed hydra
 15963 | Lair:6   | Upgraded the game from 0.14-a0-2506-gc7bb754 to 0.14-a0-2542-g51e44bb
 16172 | Lair:6   | Reached XP level 13. HP: 66/66 MP: 29/29
 16701 | Lair:6   | Found a hole to the Spider Nest.
 17069 | Lair:7   | Found a dark tunnel.
 17072 | Lair:7   | the dark tunnel was a mimic.
 17424 | Lair:7   | Noticed Rupert
 17453 | Lair:7   | Killed Rupert
 18031 | Lair:8   | Entered Level 8 of the Lair of Beasts
 18315 | Lair:8   | Noticed Maud
 18645 | Lair:7   | Killed Maud
 18788 | Lair:8   | Found a staircase to the Slime Pits.
 19027 | Lair:8   | Noticed Erica
 19104 | Lair:8   | Identified a +0 rod of the swarm (11/11) (You took it off Maud on level 7 of the Lair of Beasts)
 19123 | Lair:8   | Killed from afar by Erica

Action                   |  1- 3 |  4- 6 |  7- 9 | 10-12 | 13-15 || total
-------------------------+-------+-------+-------+-------+-------++-------
Melee: Dagger            |   114 |   108 |   431 |  1201 |   448 ||  2302
 Fire: Blowgun           |       |     8 |    35 |    61 |    26 ||   130
Throw: Throwing net      |       |       |       |     1 |       ||     1
       Tomahawk          |       |       |       |     2 |       ||     2
 Cast: Magic Dart        |       |    63 |    65 |   139 |     1 ||   268
       Dazzling Spray    |       |       |     4 |    32 |    21 ||    57
       Searing Ray       |       |       |       |     2 |       ||     2
       Iskenderun's Myst |       |       |       |    45 |    18 ||    63
       Iskenderun's Batt |       |       |       |    20 |     8 ||    28
       Fulminant Prism   |       |       |       |       |     3 ||     3
Evoke: Wand              |       |       |    10 |     9 |     1 ||    20
       Rod               |       |       |       |       |     2 ||     2
  Use: Scroll            |       |    13 |     9 |     7 |    11 ||    40
       Potion            |       |       |       |     6 |     4 ||    10
 Stab: Sleeping          |     3 |     9 |    10 |     9 |     6 ||    37
       Distracted        |       |     1 |     1 |     4 |     1 ||     7
       Invisible         |       |       |     1 |    10 |     7 ||    18
